 Dungeon Crawl Stone Soup version 0.14-a0-2564-g94087c3 (webtiles) character file.

160 Lektor the Ruinous (level 4, -2/33 HPs)
             Began as a Draconian Conjurer on Feb 11, 2014.
             Was an Initiate of Vehumet.
             Slain by a gnoll
             ... wielding a +0,+0 spear
              (6 damage)
             ... on Level 3 of the Dungeon.
             The game lasted 00:15:34 (2915 turns).

Lektor the Ruinous (Draconian Conjurer)             Turns: 2915, Time: 00:15:34

HP  -2/33        AC  6     Str 15      XL: 4   Next: 53%
MP   2/7         EV  9     Int 17      God: Vehumet [......]
Gold 55          SH 17     Dex 11      Spells:  2 memorised,  4 levels left

rFire  . . .     SeeInvis .     v - +1,+3 orc short sword
rCold  . . .     Clarity  .     (armour unavailable)
rNeg   . . .     Conserve .     k - +0 shield
rPois  .         rCorr    .     (helmet restricted)
rElec  .         rRot     .     t - +0 orc cloak
SustAb . .       Spirit   .     (no gloves)
rMut   .         Warding  .     (no boots)
Saprov . . .     Stasis   .     m - amulet of inaccuracy
MR     .....                    (no ring)
                                d - ring of flight

@: mighty, not resistant to hostile enchantments, unstealthy
A: unfitting armour, AC +5
a: Renounce Religion, Evoke Flight


You were on level 3 of the Dungeon.
You worshipped Vehumet.
Vehumet was noncommittal.
You were not hungry.

You visited 1 branch of the dungeon, and saw 3 of its levels.

You collected 55 gold pieces.

Inventory:

Hand weapons
 a - a +2,+1 sling
 e - a +0,+0 hand axe
 h - a +0,+0 spear
 p - a +0,+0 elven whip
 v - a +1,+3 orcish short sword (weapon)
Missiles
 q - 2 darts
 r - 37 sling bullets
 u - 2 javelins (quivered)
 y - 16 poisoned needles
Armour
 k - a +0 shield (worn)
 l - a +0 cloak
 t - a +0 orcish cloak (worn)
Comestibles
 b - a bread ration
 o - a meat ration
 w - a rotting chunk of bat flesh
 x - a chunk of giant newt flesh
 z - a chunk of rat flesh
Scrolls
 g - 2 scrolls of identify
 i - 2 scrolls of enchant weapon I {unknown}
 j - 2 scrolls of remove curse {unknown}
 n - a scroll of magic mapping {unknown}
 s - a scroll of curse armour {unknown}
Jewellery
 d - a ring of flight (left hand)
 m - an amulet of inaccuracy (around neck)
Books
 c - a book of Conjurations

   Spells                             Type                      Level
   *Magic Dart                        Conjuration                  1
   *Searing Ray                       Conjuration                  2
   Dazzling Spray                     Conjuration/Hexes            3
   Iskenderun's Mystic Blast          Conjuration                  4
   Iskenderun's Battlesphere          Conjuration/Charms           4
   Fulminant Prism                    Conjuration/Hexes            5


   Skills:
 - Level 1.7 Dodging
 - Level 1.7 Stealth
 + Level 2.6 Shields
 + Level 2.2 Spellcasting
 - Level 5.1 Conjurations


You had 4 spell levels left.
You knew the following spells:

 Your Spells              Type           Power        Failure   Level  Hunger
a - Magic Dart            Conj           ###.         12%         1    #......
b - Searing Ray           Conj           ###...       17%         2    ##.....


Dungeon Overview and Level Annotations

Branches:
Dungeon (3/16)

Altars:
Makhleb
Vehumet
Zin

Annotations:
D:3 DasRunzen's ghost, average GrEE


Message History

Read which item? (? for menu, Esc to quit)
As you read the scroll labeled JOAKLATHAS, it crumbles to dust.
Use on which item? (\ to view known items) (? for menu, Esc to quit)
m - an amulet of inaccuracy (around neck) It was a scroll of identify.
DasRunzen's ghost gestures at you while chanting.
The rocky blast hits you!
Drink which item? (? for menu, Esc to quit)
You feel very mighty all of a sudden. DasRunzen's ghost hits you.
* * * LOW HITPOINT WARNING * * *
The gnoll barely misses you.
You closely miss DasRunzen's ghost.
DasRunzen's ghost is lightly damaged.
You block DasRunzen's ghost's attack. The gnoll barely misses you.
You slash DasRunzen's ghost!
DasRunzen's ghost is heavily damaged.
DasRunzen's ghost barely misses you.
The gnoll hits you from afar with a spear.
You die...

#...#.# #.###.# .
##...#.####..##.# ..#
............##.#
....####...........)..#
...#....#....(....#.##.#
.........gg.#.###.#.##.###
.###.####g###.............
#p##..........%...
#@##........#.#..#
###.........#.#.#.(#
................#......#
####################...#......#
#.............................#
#..#...#...#...#...#..........#
#_......................##.##.#
#..#...#...#...#...#.#).##.##.#
#..........................##.#


You could see DasRunzen's ghost and 3 gnolls.

Vanquished Creatures
  3 adders
  2 worms
  A giant gecko (D:3)
  2 orcs (D:3)
  8 bats
  11 hobgoblins
  3 jackals (D:1)
  3 quokkas
  6 giant cockroaches
  9 giant newts
  A goblin (D:2)
  7 kobolds
  6 rats
62 creatures vanquished.

Notes
Turn   | Place    | Note
--------------------------------------------------------------
     0 | D:1      | Lektor, the Draconian Conjurer, began the quest for the Orb.
     0 | D:1      | Reached XP level 1. HP: 14/14 MP: 3/3
   148 | D:1      | Reached XP level 2. HP: 20/20 MP: 2/4
   868 | D:1      | Reached skill level 5 in Conjurations
   894 | D:2      | Learned a level 2 spell: Searing Ray
   943 | D:2      | Reached XP level 3. HP: 20/26 MP: 6/6
  1260 | D:2      | Found a burning altar of Makhleb.
  1264 | D:2      | Found a glowing silver altar of Zin.
  1264 | D:2      | Noticed a balrug
  1264 | D:2      | Noticed an angel
  1304 | D:2      | Reached skill level 1 in Shields
  1868 | D:2      | Reached XP level 4. HP: 30/33 MP: 7/7
  2299 | D:3      | Noticed DasRunzen's ghost (average GrEE)
  2865 | D:3      | Found a radiant altar of Vehumet.
  2874 | D:3      | Became a worshipper of Vehumet
  2915 | D:3      | Slain by a gnoll

Action                   |  1- 3 |  4- 6 || total
-------------------------+-------+-------++-------
Melee: Unarmed           |    12 |       ||    12
       Hand axe          |     3 |       ||     3
       Spear             |   170 |    88 ||   258
       Short sword       |       |     3 ||     3
 Fire: Sling             |     6 |     6 ||    12
Throw: Javelin           |    11 |     7 ||    18
       Dart              |       |     2 ||     2
 Cast: Magic Dart        |    17 |       ||    17
       Searing Ray       |       |     1 ||     1
  Use: Potion            |     1 |     1 ||     2
       Scroll            |       |     1 ||     1
 Stab: Sleeping          |     3 |       ||     3
